 Dungeon Crawl Stone Soup version 0.21.1-1-g345015fe64 (webtiles) character file.

2835 Peloso the Carver (level 9, 0/78 HPs)
             Began as a Minotaur Fighter on May 26, 2018.
             Slain by an orc warrior
             ... wielding a +0 glaive
              (8 damage)
             ... on level 7 of the Dungeon.
             The game lasted 00:18:13 (4853 turns).

Peloso the Carver (Minotaur Fighter)                Turns: 4853, Time: 00:18:14

Health: 0/78       AC: 11    Str: 22    XL:     9   Next: 45%
Magic:  8/8        EV: 10    Int:  5    God:
Gold:   226        SH: 15    Dex: 12    Spells: 8/8 levels left

rFire    + . .     SeeInvis .   a - +0 long sword
rCold    . . .     Gourm    .   c - +0 shield
rNeg     . . .     Faith    .   o - +2 scale mail {rF+}
rPois    .         Spirit   .   (helmet restricted)
rElec    .         Reflect  +   i - scarf {repulsion}
rCorr    .         Harm     .   (no gloves)
MR       .....                  u - +0 pair of boots
Stlth    ..........             h - +4 amulet of reflection
HPRegen  0.23/turn              (no ring)
MPRegen  0.11/turn              (no ring)

@: drained, repel missiles
A: retaliatory headbutt, horns 2
a: no special abilities


You were on level 7 of the Dungeon.
You were hungry.

You visited 1 branch of the dungeon, and saw 7 of its levels.

You collected 317 gold pieces.
You spent 91 gold pieces at shops.

Inventory:

Hand Weapons
 a - a +0 long sword (weapon)
Missiles
 y - 81 bolts
Armour
 c - a +0 shield (worn)
 i - a scarf of repulsion (worn)
 o - a +2 scale mail of fire resistance (worn)
 u - a +0 pair of boots (worn)
Jewellery
 h - a +4 amulet of reflection (around neck)
 v - an uncursed amulet of faith
 D - a +5 amulet of reflection
Scrolls
 g - 5 scrolls of remove curse
 l - 5 scrolls of teleportation
 m - 5 scrolls of identify
 n - 3 scrolls of immolation {unknown}
 p - 3 scrolls of magic mapping {unknown}
 q - 2 scrolls of amnesia {unknown}
 r - a scroll of blinking {unknown}
 t - 2 scrolls of fog {unknown}
 B - 4 scrolls of enchant weapon {unknown}
Potions
 b - a potion of magic {unknown}
 j - a potion of cancellation
 k - 2 potions of haste {unknown}
 s - a potion of brilliance {unknown}
 w - a potion of curing {unknown}
 x - a potion of mutation {unknown}
 z - a potion of agility {unknown}
 A - 2 potions of flight {unknown}
Books
 C - a book of Air

   Spells                             Type                      Level
   a - Shock                          Conjuration/Air              1
   b - Swiftness                      Charms/Air                   2
   c - Static Discharge               Conjuration/Air              3
   d - Airstrike                      Air                          4
   e - Lightning Bolt                 Conjuration/Air              5
Comestibles
 f - 10 rations


   Skills:
 + Level 6.8(6.5) Fighting
 + Level 9.3(9.0) Long Blades
 + Level 7.2(6.9) Armour
 + Level 3.9(3.6) Dodging
 + Level 1.0(0.8) Stealth
 + Level 9.0(8.8) Shields


You had 8 spell levels left.
You didn't know any spells.

Dungeon Overview and Level Annotations

Branches:
Dungeon (7/15)
 Temple: D:4-7

Altars:
Makhleb
Ru
Sif Muna
Uskayaw
Zin

Shops:
D:3 *   D:6 =


Innate Abilities, Weirdness & Mutations

You reflexively headbutt those who attack you in melee.
You have a pair of horns on your head.


Message History

* * * LOW HITPOINT WARNING * * *
You block the ice beast's attack.
You hit the ice beast.
You kill the ice beast!
You block the orc warrior's attack.
The sky beast flickers out of sight!
Deactivating autopickup; reactivate with Ctrl-A.
You closely miss something. The orc warrior barely misses you.
Something hits you.
* * * LOW HITPOINT WARNING * * *
Something shocks you.
* * * LOW HITPOINT WARNING * * *
You feel much better. You block something's attack.
You block the orc warrior's attack.
You barely miss something. Something hits you.
* * * LOW HITPOINT WARNING * * *
Something shocks you.
* * * LOW HITPOINT WARNING * * *
You miss something. You headbutt something!
The orc warrior hits you from afar with a glaive!
You die...

. #... #......# #.
..#...# #......# ###.
..'.... #......# #...
#...o######......#####.#.
#..roY)))##......##.##.#.
#..o####o##......##.##.#.
### #.ooo.####'###.##.#.
#.#{#.#....(...##.#.
#.#@#.#.....#.....##
#.#.#.#.....#.....†.
#.#...#.....#.....##
#.#####.....#.....# #.#
#.....#.....# #.#
#######.....# #.. #.....#
#.....# #######


You could see an orc warrior and 3 orcs.

Vanquished Creatures
  The ghost of Freyura the Skirmisher, an amateur NaFi (D:5)
  Grinder (D:4)
  Sigmund (D:6)
  Menkaure (D:4)
  Duvessa (D:5)
  3 sky beasts
  An ice beast (D:7)
  3 ogres
  2 centaurs
  2 bullfrogs
  Dowan (D:5)
  A wyvern zombie (D:6)
  2 scorpions
  4 wights (D:7)
  2 crimson imps (D:6)
  A quasit (D:5)
  4 hounds
  5 orc priests
  An iguana (D:7)
  5 worker ants
  An orc wizard (D:7)
  A hound skeleton (D:7)
  4 gnolls (D:6)
  7 adders
  An ooze (D:2)
  An adder zombie (D:5)
  2 worms
  3 dart slugs
  6 leopard geckos
  15 orcs
  3 giant cockroaches
  7 goblins
  5 hobgoblins
  2 jackals (D:4)
  4 quokkas
  7 bats
  5 frilled lizards
  A jackal zombie (D:7)
  4 kobolds
  A leopard gecko zombie (D:6)
  A quokka skeleton (D:5)
  8 rats
131 creatures vanquished.

Notes
Turn   | Place    | Note
-------+----------+-------------------------------------------
     0 | D:1      | Peloso the Minotaur Fighter began the quest for the Orb.
     0 | D:1      | Reached XP level 1. HP: 19/19 MP: 0/0
   114 | D:1      | Reached XP level 2. HP: 22/27 MP: 1/1
   669 | D:2      | Reached XP level 3. HP: 27/33 MP: 2/2
   762 | D:2      | Reached XP level 4. HP: 40/40 MP: 3/3
  1309 | D:3      | Found Zin's Purification Station.
  1312 | D:3      | Found a glowing silver altar of Zin.
  1423 | D:3      | Noticed an ogre
  1431 | D:3      | Killed an ogre
  1431 | D:3      | Reached skill level 1 in Dodging
  1431 | D:3      | Reached XP level 5. HP: 47/47 MP: 4/4
  1464 | D:3      | Noticed a centaur
  1471 | D:3      | Killed a centaur
  1471 | D:3      | Reached skill level 5 in Armour
  1471 | D:3      | Reached skill level 5 in Shields
  1471 | D:3      | Reached XP level 6. HP: 37/53 MP: 5/5
  1592 | D:3      | Found a burning altar of Makhleb.
  1604 | D:3      | Found a deep blue altar of Sif Muna.
  2064 | D:4      | Noticed Menkaure
  2081 | D:4      | Killed Menkaure
  2081 | D:4      | Reached skill level 5 in Long Blades
  2089 | D:4      | Reached XP level 7. HP: 42/60 MP: 6/6
  2289 | D:4      | Noticed Grinder
  2294 | D:4      | Paralysed by Grinder for 3 turns
  2559 | D:4      | Killed Grinder
  2813 | D:5      | Entered Level 5 of the Dungeon
  2813 | D:5      | Noticed Freyura's ghost (amateur NaFi)
  2914 | D:5      | Reached skill level 5 in Fighting
  3231 | D:5      | Noticed Duvessa
  3233 | D:5      | Noticed Dowan
  3252 | D:5      | Killed Duvessa
  3252 | D:5      | Reached XP level 8. HP: 68/68 MP: 7/7
  3260 | D:5      | Killed Dowan
  3359 | D:5      | Found a hide-covered altar of Uskayaw.
  3409 | D:5      | Killed Freyura's ghost
  3650 | D:5      | Found a sacrificial altar of Ru.
  3671 | D:5      | Reached skill level 1 in Stealth
  4184 | D:6      | Reached XP level 9. HP: 61/75 MP: 8/8
  4324 | D:6      | Found Lusegoc's Jewellery Shoppe.
  4330 | D:6      | Bought a cursed amulet of inaccuracy for 28 gold pieces
  4337 | D:6      | Bought a cursed ring of loudness for 63 gold pieces
  4356 | D:6      | Noticed Sigmund
  4361 | D:6      | Killed Sigmund
  4850 | D:7      | HP: 1/78 [something (6)]
  4853 | D:7      | Slain by an orc warrior

Skill      XL: |  1  2  3  4  5  6  7  8  9 |
---------------+----------------------------+-----
Fighting       | 4 5 6 |  6.8
Shields        | 4 5 6 8 9 |  9.0
Armour         | 4 5 6 7 |  7.2
Long Blades    | 3 4 5 6 8 9 |  9.3
Dodging        | 1 2 3 |  3.9
Stealth        | 1 |  1.0

Action                   |  1- 3 |  4- 6 |  7- 9 || total
-------------------------+-------+-------+-------++-------
Melee: Long sword        |    63 |    90 |   301 ||   454
       Headbutt          |     7 |    20 |    62 ||    89
  Use: Potion            |       |     1 |     3 ||     4
       Scroll            |       |       |     6 ||     6
  Eat: Chunk             |       |     4 |     5 ||     9
       Ration            |       |       |     1 ||     1
Armor: Scale mail        |    38 |    23 |    98 ||   159
Dodge: Dodged            |    35 |    24 |    92 ||   151
       Deflected         |       |     2 |     2 ||     4
Block: Shield            |    56 |    84 |   228 ||   368
       Reflection        |       |     8 |     2 ||    10
       Rpst.: Long sword |     9 |     9 |    13 ||    31
